 Dungeon Crawl Stone Soup version 0.17.0-15-g6d90897 (webtiles) character file.

212 Helmschank the Insei (level 5, -1/35 HPs)
             Began as an Octopode Transmuter on Nov 10, 2015.
             Slain by an orc
             ... wielding a +0 whip
              (5 damage)
             ... on level 3 of the Dungeon.
             The game lasted 00:13:56 (3331 turns).

Helmschank the Insei (Octopode Transmuter)          Turns: 3331, Time: 00:13:56

Health: -1/35      AC:  1    Str: 15    XL:     5   Next: 90%
Magic:  8/8        EV: 12    Int: 16    God:
Gold:   117        SH:  3    Dex: 12    Spells: 3 memorised, 0 levels left

rFire  . . .     SeeInvis .       - Unarmed
rCold  . . .     Clarity  .     v - +0 buckler
rNeg   . . .     SustAt   .     (helmet restricted)
rPois  .         Gourm    .     (no amulet)
rElec  .         Spirit   .     (no ring)
rCorr  .         Warding  .     (no ring)
rMut   .         Stasis   .     (no ring)
MR     .....                    (no ring)
Stlth  +++.......               (no ring)
                                (no ring)
                                (no ring)
                                (no ring)

@: mighty, not resistant to hostile enchantments, fairly stealthy
A: almost no armour, amphibious, 8 rings, constrict 8, camouflage 1, gelatinous
body 1
a: no special abilities


You were on level 3 of the Dungeon.
You were hungry.

You visited 1 branch of the dungeon, and saw 3 of its levels.

You collected 117 gold pieces.

Inventory:

Hand Weapons
 p - a +2 dagger of venom
Missiles
 a - 33 arrows
 h - 35 stones (quivered)
 k - 29 poisoned needles
Armour
 v - a +0 buckler (worn)
Scrolls
 d - 2 scrolls of identify {unknown}
 e - 3 scrolls of fear {unknown}
 f - 2 scrolls of magic mapping {unknown}
 g - 2 scrolls of amnesia {unknown}
 o - a scroll of immolation {unknown}
 q - a scroll of noise {unknown}
 t - a scroll of enchant armour {unknown}
 u - a scroll of recharging {unknown}
Potions
 l - a potion of curing {unknown}
 m - a potion of brilliance {unknown}
 r - a potion of haste {unknown}
Books
 b - a book of Changes

   Spells                             Type                      Level
   a - Beastly Appendage              Transmutation                1
   b - Sticks to Snakes               Transmutation                2
   c - Spider Form                    Transmutation/Poison         3
   d - Ice Form                       Ice/Transmutation            4
   e - Blade Hands                    Transmutation                5
Comestibles
 c - 4 bread rations
 i - 2 meat rations
 n - 2 beef jerkies
 s - a royal jelly
 w - 3 chunks of flesh


   Skills:
 + Level 2.6 Fighting
 + Level 3.1 Dodging
 + Level 2.3 Stealth
 + Level 1.2 Shields
 * Level 4.5 Unarmed Combat
 - Level 2.0 Spellcasting
 - Level 2.0 Transmutations


You couldn't memorise any spells.
You knew the following spells:

 Your Spells              Type           Power        Failure   Level  Hunger
a - Blade Hands           Trmt           #.........   100%        5    ######.
x - Sticks to Snakes      Trmt           #.........   21%         2    ###....
z - Beastly Appendage     Trmt           #.....       14%         1    #......


Dungeon Overview and Level Annotations

Branches:
Dungeon (3/15)

Altars:
Fedhas
Gozag
Ru
Sif Muna


Innate Abilities, Weirdness & Mutations

You cannot wear most types of armour.
You are amphibious.
You can wear up to eight rings at the same time.
You can use your tentacles to constrict eight enemies at once.
Your skin changes colour to match your surroundings (Stealth).
Your rubbery body absorbs attacks (AC +1).


Message History

The orc is moderately wounded.
You constrict the orc, but do no damage.
You block the orc's attack.
You tentacle-slap the orc but do no damage.
The orc is moderately wounded.
You constrict the orc.
The orc shouts!
You tentacle-slap the orc.
You kill the orc!
The orc hits you with a falchion of electrocution!
* * * LOW HITPOINT WARNING * * *
You are electrocuted!
* * * LOW HITPOINT WARNING * * *
You tentacle-slap the orc.
You kill the orc!
Drink which item? (? for menu, Esc to quit)
It was a potion of might.
You feel very mighty all of a sudden. You block the orc's attack.
The orc hits you with a whip.
You die...

### #.# #.. ...
#.####o###
#.#...... #
#.#.##.##.#
###.#.#...#.#.#.#
#......._.......#
#.#.#o#...#.#.###
#.#.#@##.##.#
#.#.#oo)....#
#.#.####.####
######.#.. ....
#......#### #.###
### #.##)###
.....# ..
#.##..###..#.##
##.######..
#.##.......##.
##.##......#
#.##.P.P..#
#.#..#..######


You could see 3 orcs.

Vanquished Creatures
  10 adders
  3 gnolls (D:3)
  An ooze (D:2)
  A worm (D:2)
  6 orcs (D:3)
  2 ball pythons
  13 bats
  4 giant cockroaches (D:1)
  5 hobgoblins
  10 jackals
  9 kobolds
  4 giant geckos
  3 giant newts
  5 goblins
  A quokka (D:2)
  10 rats
87 creatures vanquished.

Notes
Turn   | Place    | Note
--------------------------------------------------------------
     0 | D:1      | Helmschank the Octopode Transmuter began the quest for the Orb.
     0 | D:1      | Reached XP level 1. HP: 13/13 MP: 3/3
   156 | D:1      | Reached XP level 2. HP: 16/18 MP: 5/5
   572 | D:1      | Reached XP level 3. HP: 20/23 MP: 6/6
  1423 | D:2      | Found a deep blue altar of Sif Muna.
  1438 | D:2      | Reached skill level 1 in Stealth
  1438 | D:2      | Reached XP level 4. HP: 29/29 MP: 7/7
  1503 | D:2      | Learned a level 2 spell: Sticks to Snakes
  1531 | D:2      | Reached skill level 4 in Unarmed Combat
  1570 | D:2      | Found an opulent altar of Gozag.
  2444 | D:2      | Reached XP level 5. HP: 32/35 MP: 8/8
  2465 | D:2      | Learned a level 5 spell: Blade Hands
  3103 | D:3      | Reached skill level 1 in Shields
  3263 | D:3      | Found a blossoming altar of Fedhas.
  3297 | D:3      | Found a sacrificial altar of Ru.
  3331 | D:3      | Slain by an orc

Action                   |  1- 3 |  4- 6 || total
-------------------------+-------+-------++-------
Melee: Unarmed           |    96 |   113 ||   209
Throw: Stone             |     1 |    11 ||    12
  Use: Potion            |       |     1 ||     1
 Stab: Sleeping          |     3 |     5 ||     8
  Eat: Chunk             |     2 |     5 ||     7
